 Dungeon Crawl Stone Soup version 0.15-a0-258-g027b8cd (webtiles) character file.

227966 4tharraofdagon the Skullcrusher (level 19, -2/171 HPs)
             Began as an Ogre Fighter on Apr 10, 2014.
             Was a High Priest of Cheibriados.
             Slain by an iron troll (illusionary) (20 damage)
             ... on Level 2 of the Depths on Apr 27, 2014.
             The game lasted 02:44:08 (14757 turns).

4tharraofdagon the Skullcrusher (Ogre Fighter)     Turns: 14757, Time: 02:44:08

HP  -2/171       AC 11     Str 48      XL: 19   Next: 77%
MP   0/40        EV 23     Int 21      God: Cheibriados [*****.]
Gold 631         SH  0     Dex 25      Spells:  8 memorised,  8 levels left

rFire  + . .     SeeInvis .     G - +10,+2 great mace of War {vamp, +Fly rPois rC++}
rCold  + + +     Clarity  .     x - +4 moon troll leather armour {Spirit, MP+5 Regen}
rNeg   . . .     Conserve .     (shield restricted)
rPois  +         rCorr    .     I - +1 hat
rElec  .         rRot     .     F - +0 cloak "Leecoc" {+Inv}
SustAb . .       Spirit   +     (gloves unavailable)
rMut   .         Warding  .     (boots unavailable)
Saprov + . .     Stasis   .     (no amulet)
MR     +....                    q - ring of protection from fire
                                v - +2 ring of evasion

@: very slow, somewhat resistant to hostile enchantments, fairly stealthy
A: unfitting armour, agile 1, cold resistance 1, fast metabolism 2, frail 1,
saprovore 1, strong 1, tough skin 1
a: Bend Time, Temporal Distortion, Slouch, Step From Time, Renounce Religion,
Evoke Invisibility, Evoke Flight


You were on level 2 of the Depths.
You worshipped Cheibriados.
Cheibriados was extremely pleased with you.
You were not hungry.

You visited 5 branches of the dungeon, and saw 35 of its levels.
You also visited: Bailey.

You collected 3859 gold pieces.
You spent 3228 gold pieces at shops.

Inventory:

Hand weapons
 j - a +3,+4 demon whip of slashing
 G - the +10,+2 great mace of War (weapon) {vamp, +Fly rPois rC++}
   (You acquired it on level 3 of the Lair of Beasts)

   It inflicts no extra harm, but heals its wielder somewhat when it strikes a
   living foe.
   It greatly protects you from cold.
   It protects you from poison.
   It lets you fly.
 H - a +1,+5 giant spiked club of draining
 U - the +6,+4 giant spiked club of the Rattle-Snake {pain, rC- Str+3}
   (You acquired it on level 7 of the Dungeon)

   In the hands of one skilled in necromantic magic, it inflicts extra damage on
   living creatures.
   It affects your strength (+3).
   It makes you vulnerable to cold.
Missiles
 X - 5 large rocks (quivered)
Armour
 x - the +4 moon troll leather armour (worn) {Spirit, MP+5 Regen}
   (You found it on level 5 of the Dungeon)

   It affects your magic capacity (+5).
   It increases your rate of regeneration.
 F - the +0 cloak "Leecoc" (worn) {+Inv}
   (You bought it in a shop on level 1 of the Depths)

   It lets you turn invisible.
 I - a +1 hat (worn)
 L - the cursed -1 robe "Lixzud" {Int+2 SInv, unknown}
   (You found it on level 5 of the Depths)

   It affects your intelligence (+2).
   It enhances your eyesight.
   It has a curse placed upon it.
Magical devices
 o - a wand of digging (6)
 J - a wand of digging (12)
 R - a wand of cold (7)
 S - a wand of teleportation (8)
 V - a wand of cold (7)
Comestibles
 d - 10 meat rations
 u - 18 bread rations
 Y - 2 cheeses
Scrolls
 c - 2 scrolls of vulnerability
 r - 5 scrolls of teleportation
 A - 5 scrolls of identify
 M - 5 scrolls of remove curse
Jewellery
 a - an uncursed ring of sustenance
 b - an uncursed ring of poison resistance
 k - an uncursed ring of positive energy
 p - an uncursed ring of protection from magic
 q - a ring of protection from fire (right hand)
 s - the ring "Pseleyff" {rN+ Int-3}
   (You found it on level 4 of the Dungeon)

   [ring of positive energy]

   It affects your intelligence (-3).
   It protects you from negative energy.
 v - a +2 ring of evasion (left hand)
 w - an uncursed ring of magical power {unknown}
 N - an uncursed ring of teleportation
 O - an uncursed ring of fire
 W - an uncursed ring of see invisible
Potions
 f - 5 potions of curing
 g - a potion of cure mutation
 h - 3 potions of heal wounds
 l - a potion of flight
 m - 2 potions of brilliance
 n - a potion of lignification
 t - 2 potions of agility
 B - 2 potions of resistance
 E - 2 potions of restore abilities
 Q - a potion of might
Books
 e - a book of Battle

   Spells                             Type                      Level
   Infusion                           Charms                       1
   Shroud of Golubria                 Charms/Translocation         2
   Song of Slaying                    Charms                       2
   Spectral Weapon                    Hexes/Charms                 3
   *Regeneration                      Charms/Necromancy            3
 C - a book of War Chants

   Spells                             Type                      Level
   Fire Brand                         Charms/Fire                  2
   Freezing Aura                      Charms/Ice                   2
   Shroud of Golubria                 Charms/Translocation         2
   *Repel Missiles                    Charms/Air                   2
   Poison Weapon                      Charms/Poison                3
   *Regeneration                      Charms/Necromancy            3
 D - a book of the Warp

   Spells                             Type                      Level
   *Control Teleport                  Charms/Translocation         4
   *Phase Shift                       Translocation                5
   Warp Weapon                        Charms/Translocation         5
   Summon Forest                      Summoning/Translocation      5
   Dispersal                          Translocation                6
   *Controlled Blink                  Translocation                7
   Disjunction                        Translocation                8
 T - a book of Enchantments

   Spells                             Type                      Level
   Cause Fear                         Hexes                        4
   Silence                            Hexes/Air                    5
   Tukima's Dance                     Hexes                        5
   Deflect Missiles                   Charms/Air                   6
   Haste                              Charms                       6
   Discord                            Hexes                        8
 Z - the Volume of Stones and Changing
   (You found it on level 3 of the Elven Halls)

   Spells                             Type                      Level
   *Stoneskin                         Transmutation/Earth          2
   Petrify                            Transmutation/Earth          4
   Bolt of Magma                      Conjuration/Fire/Earth       5
   Shatter                            Earth                        9
Magical staves
 i - an uncursed staff of power {unknown}
 K - an uncursed staff of wizardry
 P - an uncursed staff of energy
Miscellaneous
 y - a phial of floods
 z - a fan of gales


   Skills:
 - Level 12.5 Fighting
 O Level 27 Maces & Flails
 - Level 2.1 Armour
 - Level 11.0 Dodging
   Level 2.6 Shields
 - Level 10.4 Spellcasting
 + Level 3.3 Translocations
 - Level 9.0 Transmutations
 * Level 10.9 Earth Magic
 - Level 7.0 Invocations


You had 8 spell levels left.
You knew the following spells:

 Your Spells              Type           Power        Failure   Level  Hunger
a - Control Teleport      Chrm/Tloc      ###.......   34%         4    ##.....
b - Apportation           Tloc           ###.......   1%          1    None
c - Phase Shift           Tloc           ###.......   54%         5    ####...
d - Statue Form           Trmt/Erth      ######....   17%         6    ######.
e - Controlled Blink      Tloc           N/A          100%        7    #######
f - Repel Missiles        Chrm/Air       ##....       12%         2    None
g - Stoneskin             Trmt/Erth      ######....   1%          2    None
h - Regeneration          Chrm/Necr      ##........   21%         3    None


Dungeon Overview and Level Annotations

Branches:
Dungeon (15/15)               Orc (4/4) D:9             Elf (3/3) Orc:4
   Lair (8/8) D:11         Shoals (0/5) Lair:6        Snake (0/5) Lair:4
  Slime (0/6) Lair:8       Vaults (0/5) D:14            Zot (0/5) Depths:5
 Depths (5/5) D:15
 Temple: D:4-7

Altars:
Ashenzari
Cheibriados
Trog
Xom
Zin
The Shining One
Jiyva

Shops:
D:7 ?   D:8 [:   D:9 [(   D:11 *   Orc:1 (   Orc:3 (   Orc:4 ((:[*   Elf:3 (
Depths:1 !:[   Depths:3 *

Portals:
Hell: Depths:2 Depths:3 Depths:4
Abyss: Depths:1 Depths:4
Ziggurat: Depths:4

Annotations:
D:7 Duvessa; Prince Ribbit
Lair:6 SJHOALS
Depths:4 exclusion: 2 statues


Innate Abilities, Weirdness & Mutations

You are too large for most types of armour.
You have a very fast metabolism.
You can tolerate rotten meat.
You have tough skin (AC +1).*
You are agile. (Dex +2)
Your flesh is cold resistant.*
You are frail (-10% HP).
Your muscles are strong. (Str +2)


Message History

Unknown command.
You hit the rakshasa.
The rakshasa is severely wounded.
The rakshasa gestures.
The rakshasa blinks!
The rakshasa gestures.
The rakshasa blinks!
The iron troll bites you! The iron troll closely misses you.
The iron troll claws you but does no damage.
Unknown command.
The ice dragon bites you! The ice dragon claws you.
The ice dragon tramples you.
You hold your ground!
The iron troll completely misses you. The iron troll claws you!
The iron troll claws you! The iron troll bites you!
* * * LOW HITPOINT WARNING * * *
The iron troll barely misses you. The iron troll claws you!
* * * LOW HITPOINT WARNING * * *
The ice dragon barely misses you. x2
The ice dragon tramples you.
You hold your ground!
The iron troll bites you!
You die...

.### . ....
##....#
#R...... #.#
#.....# #..
#.....# ###
#..R..#
#T....#
###@#######
...##
#>.TDR......
#....
#.#########
#..## #.# ..
#.# .## #.#
. #)# #.#
#.# #.#


You could see an ice dragon, 2 iron trolls and 3 rakshasas.

Vanquished Creatures
  Saint Roka (Elf:2)
  A bone dragon (Depths:5)
  A hellephant (Depths:4)
  A titan (Depths:4)
  A storm dragon (Depths:5)
  2 deep elf blademasters (Elf:3)
  2 deep elf master archers (Elf:3)
  A sphinx (Depths:5)
  Rupert (Elf:3)
  Agnes (Elf:3)
  2 shadow dragons (Depths:5)
  4 frost giants
  2 fire giants
  Maud (Lair:5)
  7 deep elf sorcerers (Elf:3)
  An emperor scorpion (Depths:1)
  The ghost of profreshinal the Spry, a powerful MiAs of Dithmenos (D:15)
  A draconian shifter (Depths:5)
  A draconian annihilator (Depths:5)
  7 deep elf demonologists (Elf:3)
  A grey draconian (shapeshifter) (D:15)
  A green draconian (Depths:5)
  9 stone giants
  Azrael (Elf:3)
  A white draconian (Depths:5)
  8 deep elf annihilators (Elf:3)
  A black draconian (Depths:5)
  4 ettins
  3 deep elf death magi (Elf:3)
  4 vault guards (D:14)
  Snorg (Elf:3)
  2 minotaurs
  4 death oozes (Lair:8)
  3 fire dragons
  4 yaktaur captains
  A merfolk impaler (Depths:5)
  The ghost of marcus the Eclecticist, a powerful DECj of Sif Muna (Lair:8)
  3 deep elf high priests (Elf:3)
  Fannar (Orc:3)
  A spriggan air mage (Depths:4)
  3 hydras
  6 rakshasas
  A ravenous feature mimic (Lair:7)
  6 ice dragons
  An orc high priest (Orc:4)
  54 death yaks
  4 deep troll earth magi
  7 deep troll shamans
  7 hell knights
  3 centaur warriors
  4 tengu warriors
  8 spriggan berserkers
  Urug (D:11)
  15 spriggans
  A catoblepas (Lair:8)
  3 very ugly things (Depths:2)
  A fire crab (shapeshifter) (D:15)
  An ogre mage (Depths:2)
  A spectral elf (Elf:3)
  8 deep elf knights
  The ghost of ghwc the Tainter, an experienced GrVM of Okawaru (D:8)
  7 deep trolls
  2 unseen horrors
  7 deep elf summoners
  3 iron trolls
  3 hill giants
  10 deep elf conjurers
  4 manticores
  A salamander (D:15)
  A hellion (Elf:3)
  A wolf spider (D:15)
  2 wizards
  4 necromancers
  3 elephants (Lair:7)
  2 griffons
  2 orc knights (Orc:3)
  12 cyclopes
  The ghost of Mitsuki the Conjurer, an experienced HECj of Cheibriados (D:6)
  4 orc sorcerers
  2 black mambas
  An octopode (shapeshifter) (Depths:1)
  2 gargoyles
  A smoke demon (Elf:3)
  3 spiny frogs
  10 yaktaurs
  A feature mimic (D:15)
  3 centaur zombies
  A freezing wraith (D:14)
  An iron devil (Elf:3)
  An efreet (D:15)
  2 kobold demonologists (D:14)
  2 spriggan druids (Lair:8)
  13 giant fireflies
  A polar bear (Lair:7)
  4 tengu conjurers
  2 jumping spiders
  8 komodo dragons
  A two-headed ogre (Depths:2)
  7 trolls
  A giant firefly (shapeshifter) (Elf:3)
  4 deep elf priests
  2 hydra skeletons
  2 boggarts (D:15)
  9 ravens
  10 brown oozes (Lair:8)
  A vampire (D:15)
  4 slime creatures (Depths:2)
  20 blink frogs
  2 grizzly bears (Lair:8)
  A shadow (D:11)
  A basilisk (D:13)
  2 tarantellas
  2 wraiths
  2 water elementals (Depths:5)
  15 ugly things
  13 deep elf magi
  An air elemental (Depths:4)
  3 fire elementals (Elf:3)
  A redback (Elf:2)
  5 hungry ghosts
  Eustachio (D:8)
  5 sharks
  An elephant slug (Lair:8)
  9 deep elf fighters
  A human (D:8)
  Grum (Orc:2)
  A small abomination (Elf:3)
  3 wyverns
  45 yaks
  A hill giant skeleton (D:13)
  4 wargs
  6 hippogriffs
  37 wolves
  A human zombie (Depths:4)
  2 nagas (Lair:4)
  10 water moccasins
  25 orc warriors
  3 necrophages
  A hell hound (Elf:3)
  A mottled dragon (D:14)
  5 porcupines
  3 removed MONS_GIANT_GOLDFISHs
  4 ice beasts
  2 yellow wasps
  6 black bears (Lair:8)
  2 slaves (D:8)
  18 ogres
  25 centaurs
  Sigmund (D:7)
  4 crocodiles
  4 giant slugs
  4 big kobolds
  2 brain worms (D:15)
  A yaktaur zombie (D:14)
  Blork the orc (D:7)
  8 giant frogs
  A cyclops zombie (D:13)
  8 killer bees
  An eye of draining (D:13)
  3 scorpions
  A water moccasin skeleton (D:10)
  8 wights
  2 goliath beetles
  A hippogriff zombie (D:10)
  2 electric eels
  Dowan (D:7)
  6 jellies
  9 crimson imps
  A two-headed ogre zombie (D:13)
  2 big fish (D:11)
  22 orc priests
  16 hounds
  A black bear zombie (D:5)
  An elf skeleton (D:11)
  5 worker ants
  7 iguanas
  21 orc wizards
  4 orange rats
  16 sheep
  6 gnolls
  16 adders
  43 green rats
  A shadow imp (D:8)
  5 giant mites
  An inept feature mimic (D:2)
  3 white imps (Lair:7)
  3 worms
  An ufetubus (D:8)
  7 giant eyeballs
  7 giant geckos
  176 orcs
  3 giant cockroaches
  11 hobgoblins
  17 jackals
  6 oozes
  7 quokkas
  3 ball pythons
  12 bats
  2 giant cockroach zombies (D:5)
  2 giant newts (D:3)
  23 goblins
  26 kobolds
  A kobold skeleton (D:8)
  2 orc zombies
  14 rats
  2 crawling corpses (Elf:3)
  A fungus (Lair:6)
  2 plants (Lair:8)
1255 creatures vanquished.

Vanquished Creatures (others)
  An orc high priest (Elf:2)
  A boggart (Depths:1)
  A deep elf fighter (Elf:3)
  2 orc warriors (Elf:2)
  A centaur (D:11)
  2 orc priests
  3 orcs
  12 fungi (Lair:8)
  8 plants (Lair:8)
31 creatures vanquished.

Grand Total: 1286 creatures vanquished

Notes
Turn   | Place    | Note
--------------------------------------------------------------
     0 | D:1      | 4tharraofdagon, the Ogre Fighter, began the quest for the Orb.
     0 | D:1      | Reached XP level 1. HP: 24/24 MP: 1/1
   103 | D:1      | Reached XP level 2. HP: 17/32 MP: 2/2
   155 | D:2      | Found a glowing silver altar of Zin.
   161 | D:2      | Found a snail-covered altar of Cheibriados.
   177 | D:2      | Became a worshipper of Cheibriados the Contemplative
   246 | D:1      | Reached XP level 3. HP: 15/40 MP: 3/3
   676 | D:3      | Reached XP level 4. HP: 39/49 MP: 4/4
   729 | D:3      | You fall through a shaft!
   740 | D:3      | Found a shimmering altar of Xom.
   761 | D:4      | Got a steaming tin ring
   809 | D:5      | Entered Level 5 of the Dungeon
   809 | D:5      | Noticed an ogre
   908 | D:4      | Identified the ring "Pseleyff" {rN+ Int-3} (You found it on level 4 of the Dungeon)
   918 | D:4      | Noticed an ogre
   931 | D:4      | Killed an ogre
   931 | D:4      | Reached skill level 5 in Fighting
   931 | D:4      | Reached skill level 5 in Maces & Flails
   931 | D:4      | Reached skill level 1 in Invocations
   931 | D:4      | Reached XP level 5. HP: 33/57 MP: 4/6
  1245 | D:5      | Killed an ogre
  1245 | D:5      | Reached skill level 6 in Maces & Flails
  1245 | D:5      | Reached XP level 6. HP: 43/66 MP: 7/7
  1389 | D:5      | -_-
  1527 | D:6      | Reached XP level 7. HP: 68/74 MP: 9/9
  1549 | D:6      | Reached skill level 1 in Armour
  1646 | D:6      | Acquired Cheibriados' first power
  1646 | D:6      | Reached skill level 7 in Maces & Flails
  1746 | D:6      | Noticed Mitsuki's ghost (experienced HECj)
  1755 | D:6      | Killed Mitsuki's ghost
  1755 | D:6      | Reached XP level 8. HP: 74/84 MP: 13/13
  1815 | D:7      | Reached skill level 8 in Maces & Flails
  1882 | D:7      | Noticed Blork the orc
  1901 | D:7      | Killed Blork the orc
  1903 | D:7      | Paralysed by a giant eyeball for 4 turns
  1908 | D:7      | Paralysed by a giant eyeball for 4 turns
  1922 | D:7      | Reached skill level 9 in Maces & Flails
  1922 | D:7      | Reached skill level 5 in Dodging
  1995 | D:7      | Found Mixax's Magic Scroll Shoppe.
  1998 | D:7      | Bought a scroll of blinking for 97 gold pieces
  1998 | D:7      | Bought a scroll of teleportation for 39 gold pieces
  1998 | D:7      | Bought a scroll of identify for 26 gold pieces
  2000 | D:7      | 4thArRaOfCrUsHa!
  2034 | D:7      | Reached XP level 9. HP: 96/96 MP: 16/16
  2111 | D:7      | Paralysed by a giant eyeball for 4 turns
  2156 | D:7      | Acquired Cheibriados' second power
  2192 | D:7      | Noticed Sigmund
  2197 | D:7      | Killed Sigmund
  2241 | D:7      | Noticed Dowan
  2252 | D:7      | Killed Dowan
  2258 | D:7      | Noticed Duvessa
  2260 | D:7      | Noticed Prince Ribbit
  2332 | D:6      | Reached skill level 10 in Maces & Flails
  2332 | D:6      | Reached skill level 5 in Invocations
  2421 | D:8      | Noticed ghwc's ghost (experienced GrVM)
  2537 | D:8      | Found Pnan's Book Shoppe.
  2611 | D:8      | Found Friomed's Antique Armour Shoppe.
  2759 | D:8      | Noticed Eustachio
  2788 | D:8      | Acquired Cheibriados' third power
  2794 | D:8      | Killed Eustachio
  2820 | D:8      | Reached skill level 11 in Maces & Flails
  2973 | D:9      | Gained mutation: You are agile. (Dex +2) [potion of beneficial mutation]
  3011 | D:9      | Found Cidau's Armour Emporium.
  3014 | D:9      | Paralysed by a giant eyeball for 2 turns
  3022 | D:9      | Reached XP level 10. HP: 107/107 MP: 19/19
  3028 | D:9      | Found a staircase to the Orcish Mines.
  3028 | D:9      | Found Straf's Weapon Emporium.
  3197 | D:10     | Entered Level 10 of the Dungeon
  3396 | D:10     | Reached skill level 12 in Maces & Flails
  3598 | D:11     | Noticed a seven-headed hydra
  3612 | D:11     | Noticed a hill giant
  3621 | D:11     | Killed a hill giant
  3702 | D:10     | Reached skill level 10 in Fighting
  3785 | Orc:1    | Entered Level 1 of the Orcish Mines
  3802 | Orc:1    | Found a flagged portal.
  3809 | Orc:1    | Reached skill level 13 in Maces & Flails
  3823 | Bailey   | Entered a bailey
  3844 | Orc:1    | Found Oxaxa's Antique Weapon Boutique.
  4098 | Orc:1    | Reached XP level 11. HP: 117/117 MP: 22/22
  4239 | Orc:2    | Noticed Grum
  4241 | Orc:2    | Reached skill level 14 in Maces & Flails
  4246 | Orc:2    | Killed Grum
  4514 | D:8      | Killed ghwc's ghost
  4514 | D:8      | Reached skill level 15 in Maces & Flails
  4565 | D:7      | Bought a scroll of enchant weapon III for 260 gold pieces
  4565 | D:7      | Bought a scroll of acquirement for 676 gold pieces
  4566 | D:7      | Bought a scroll of teleportation for 39 gold pieces
  4568 | D:7      | Got a jewelled giant spiked club
  4569 | D:7      | Identified the +6,+4 giant spiked club of the Rattle-Snake {pain, rC- Str+3} (You acquired it on level 7 of the Dungeon)
  4571 | D:7      | Got a steaming fire dragon armour
  4585 | D:7      | Identified the -3 fire dragon armour of the Five Cities {rPois rF++ rC- SInv} (You acquired it on level 7 of the Dungeon)
  4810 | D:11     | Killed a seven-headed hydra
  4845 | D:11     | Reached skill level 16 in Maces & Flails
  4862 | D:11     | Noticed a manticore
  4870 | D:11     | Noticed Urug
  4879 | D:11     | Killed Urug
  4914 | D:11     | Killed a manticore
  4963 | D:11     | Reached skill level 17 in Maces & Flails
  4981 | D:11     | Found Piarphym's Serpentskin Sales.
  5076 | D:11     | Found a staircase to the Lair.
  5081 | D:11     | Reached XP level 12. HP: 98/126 MP: 16/23
  5156 | Lair:1   | Entered Level 1 of the Lair of Beasts
  5259 | Lair:2   | Reached skill level 18 in Maces & Flails
  5558 | Lair:3   | Reached skill level 19 in Maces & Flails
  5823 | Lair:5   | Noticed a death yak
  5823 | Lair:5   | Noticed a death yak
  5823 | Lair:5   | Noticed a death yak
  5823 | Lair:5   | Noticed a death yak
  5831 | Lair:5   | Reached skill level 20 in Maces & Flails
  5833 | Lair:5   | Killed a death yak
  5839 | Lair:5   | Killed a death yak
  5843 | Lair:5   | Killed a death yak
  5848 | Lair:5   | Killed a death yak
  5848 | Lair:5   | Reached XP level 13. HP: 61/133 MP: 14/24
  5864 | Lair:5   | Noticed a six-headed hydra
  5869 | Lair:5   | Killed a six-headed hydra
  5998 | Lair:6   | Reached skill level 21 in Maces & Flails
  6133 | Lair:7   | Found a staircase to the Slime Pits.
  6135 | Lair:7   | Found a viscous altar of Jiyva.
  6279 | Lair:8   | Entered Level 8 of the Lair of Beasts
  6288 | Lair:8   | Found a viscous altar of Jiyva.
  6293 | Lair:8   | Noticed a death ooze
  6297 | Lair:8   | Noticed a death ooze
  6298 | Lair:8   | Killed a death ooze
  6303 | Lair:8   | Killed a death ooze
  6306 | Lair:8   | Noticed a death ooze
  6312 | Lair:8   | Killed a death ooze
  6312 | Lair:8   | Reached skill level 22 in Maces & Flails
  6313 | Lair:8   | Noticed marcus' ghost (powerful DECj)
  6315 | Lair:8   | Noticed a death ooze
  6319 | Lair:8   | Killed a death ooze
  6501 | Lair:8   | Reached skill level 23 in Maces & Flails
  6633 | Lair:8   | Reached XP level 14. HP: 143/143 MP: 25/25
  6725 | Lair:8   | Killed marcus' ghost
  6888 | Lair:8   | Reached skill level 24 in Maces & Flails
  6957 | Lair:8   | Found a staircase to the Slime Pits.
  7178 | Lair:7   | the staircase to the Slime Pits was a mimic.
  7252 | Lair:7   | Reached skill level 25 in Maces & Flails
  7616 | Lair:6   | Found a staircase to the Shoals.
  7707 | Lair:5   | Noticed a death yak
  7707 | Lair:5   | Noticed a death yak
  7709 | Lair:5   | Noticed a death yak
  7709 | Lair:5   | Noticed a death yak
  7713 | Lair:5   | Noticed a death yak
  7713 | Lair:5   | Noticed a death yak
  7715 | Lair:5   | Killed a death yak
  7717 | Lair:5   | Killed a death yak
  7723 | Lair:5   | Killed a death yak
  7723 | Lair:5   | Reached XP level 15. HP: 146/149 MP: 25/25
  7728 | Lair:5   | Killed a death yak
  7731 | Lair:5   | Killed a death yak
  7733 | Lair:5   | Killed a death yak
  7744 | Lair:5   | Noticed Maud
  7754 | Lair:5   | Killed Maud
  7754 | Lair:5   | Reached skill level 26 in Maces & Flails
  7849 | Lair:4   | Found a staircase to the Snake Pit.
  7934 | Lair:3   | Got a shimmering great mace
  8377 | D:13     | Identified the +10,+2 great mace of War {vamp, +Fly rPois rC++} (You acquired it on level 3 of the Lair of Beasts)
  8498 | D:13     | Learned a level 4 spell: Control Teleport
  8681 | D:15     | Entered Level 15 of the Dungeon
  8681 | D:15     | Found a glowing silver altar of Zin.
  8720 | D:15     | Learned a level 1 spell: Apportation
  8762 | D:15     | Reached skill level 27 in Maces & Flails
  8786 | D:15     | Noticed profreshinal's ghost (powerful MiAs)
  8793 | D:15     | Killed profreshinal's ghost
  8800 | D:15     | Reached skill level 1 in Spellcasting
  8832 | D:14     | Reached skill level 1 in Translocations
  9060 | D:15     | Gained mutation: You have a very fast metabolism. [potion of mutation]
  9060 | D:15     | Gained mutation: Your muscles are strong. (Str +2) [potion of mutation]
  9060 | D:15     | Gained mutation: Your vision is a little blurry. [potion of mutation]
  9173 | D:14     | Found a shattered altar of Ashenzari.
  9182 | D:14     | Found a gate to the Vaults.
  9182 | D:14     | Paralysed by a giant eyeball for 3 turns
  9562 | Orc:3    | Noticed Fannar
  9572 | Orc:3    | Killed Fannar
  9577 | Orc:3    | Noticed an orc knight
  9582 | Orc:3    | Noticed an orc knight
  9590 | Orc:3    | Killed an orc knight
  9595 | Orc:3    | Killed an orc knight
  9604 | Orc:3    | Reached XP level 16. HP: 47/163 MP: 7/26
  9618 | Orc:3    | Found a shimmering altar of Xom.
  9626 | Orc:3    | Found Grolaig's Antique Weapon Shoppe.
  9749 | Orc:4    | Entered Level 4 of the Orcish Mines
  9773 | Orc:4    | Found Suwaskoa's Antique Armour Boutique.
  9912 | Orc:4    | Paralysed by an orc sorcerer for 5 turns
  9965 | Orc:4    | Found Mnulywk's Antique Weapon Boutique.
 10094 | Orc:4    | Found Lostoav's General Store.
 10185 | Orc:4    | Found Ylivimn's Antique Weapon Boutique.
 10185 | Orc:4    | Found Gaustial's Book Boutique.
 10203 | Orc:4    | Bought a glowing great mace for 234 gold pieces
 10246 | Orc:4    | Found a staircase to the Elven Halls.
 10285 | Orc:4    | Bought the Almanac of Earthen Unholy Secrets for 845 gold pieces
 10293 | Orc:4    | Learned a level 5 spell: Phase Shift
 10311 | Orc:4    | Learned a level 6 spell: Statue Form
 10319 | Orc:4    | Learned a level 7 spell: Controlled Blink
 10337 | Orc:4    | Upgraded the game from 0.15-a0-110-gb05c47c to 0.15-a0-123-geffbfde
 10341 | Orc:4    | Upgraded the game from 0.15-a0-123-geffbfde to 0.15-a0-145-ge9bf03d
 10341 | Orc:4    | Upgraded the game from 0.15-a0-145-ge9bf03d to 0.15-a0-151-g961a08f
 10341 | Orc:4    | Upgraded the game from 0.15-a0-151-g961a08f to 0.15-a0-155-g2613b33
 10343 | Orc:4    | Upgraded the game from 0.15-a0-155-g2613b33 to 0.15-a0-217-g70ad64b
 10343 | Orc:4    | Upgraded the game from 0.15-a0-217-g70ad64b to 0.15-a0-258-g027b8cd
 10346 | Orc:4    | Bought a book of Battle for 520 gold pieces
 10366 | Elf:1    | Entered Level 1 of the Elven Halls
 10472 | Elf:1    | Reached skill level 1 in Transmutations
 10472 | Elf:1    | Reached skill level 1 in Earth Magic
 10559 | Elf:3    | Entered Level 3 of the Elven Halls
 10569 | Elf:3    | Noticed Saint Roka
 10609 | Elf:2    | Killed Saint Roka
 10609 | Elf:2    | Reached skill level 5 in Spellcasting
 10692 | Elf:3    | Noticed Azrael
 10704 | Elf:3    | Killed Azrael
 10864 | Elf:3    | Found Phuushrag's Antique Weapon Shoppe.
 10914 | Elf:3    | Noticed Rupert
 10923 | Elf:3    | Killed Rupert
 11199 | Elf:3    | Noticed a deep elf blademaster
 11216 | Elf:3    | Killed a deep elf blademaster
 11216 | Elf:3    | Reached XP level 17. HP: 75/175 MP: 10/29
 11217 | Elf:3    | Noticed a deep elf blademaster
 11220 | Elf:3    | Killed a deep elf blademaster
 11238 | Elf:3    | Noticed a Hell Sentinel
 11280 | Elf:3    | Reached skill level 5 in Transmutations
 11287 | Elf:3    | Noticed a deep elf master archer
 11300 | Elf:3    | Killed a deep elf master archer
 11314 | Elf:3    | Noticed Snorg
 11317 | Elf:3    | Reached skill level 5 in Earth Magic
 11320 | Elf:3    | Noticed a deep elf master archer
 11339 | Elf:3    | Killed Snorg
 11344 | Elf:3    | Killed a deep elf master archer
 11380 | Elf:3    | Noticed Agnes
 11385 | Elf:3    | Killed Agnes
 11626 | Elf:3    | Learned a level 2 spell: Repel Missiles
 11668 | Elf:3    | Identified the Volume of Stones and Changing
 11672 | Elf:3    | Learned a level 2 spell: Stoneskin
 11985 | D:10     | its depths time
 12143 | D:15     | Found a staircase to the Depths.
 12181 | Depths:1 | Entered Level 1 of the Depths
 12476 | Depths:1 | Found a bloodstained altar of Trog.
 12483 | Depths:1 | Reached XP level 18. HP: 123/183 MP: 1/32
 12575 | Depths:1 | Gained mutation: Your flesh is cold resistant. [potion of mutation]
 12575 | Depths:1 | Gained mutation: You are frail (-10% HP). [potion of mutation]
 12575 | Depths:1 | Lost mutation: Your vision is a little blurry. [potion of mutation]
 12687 | Depths:1 | Found a one-way gate to the infinite horrors of the Abyss.
 12701 | Depths:1 | Reached skill level 10 in Dodging
 12781 | Depths:1 | Found Eqaim's Antique Armour Boutique.
 12789 | Depths:1 | Bought a distressingly furry cloak for 323 gold pieces
 12793 | Depths:1 | Identified the +0 cloak "Leecoc" {+Inv} (You bought it in a shop on level 1 of the Depths)
 12930 | Depths:2 | Found a gateway to Hell.
 13005 | Depths:1 | Found Thracynuts' Book Boutique.
 13017 | Depths:1 | Found Schopalu's Distillery.
 13020 | Depths:1 | Bought a potion of agility for 35 gold pieces
 13020 | Depths:1 | Bought a potion of brilliance for 35 gold pieces
 13277 | Depths:3 | Found Qeekeu's Assorted Antiques.
 13380 | Depths:4 | HP: 4/164 [stone giant (32)]
 13402 | Depths:4 | Found a glowing golden altar of the Shining One.
 13407 | Depths:4 | Found a gateway to a ziggurat.
 13467 | Depths:4 | Paralysed by a giant eyeball for 2 turns
 13470 | Depths:4 | Paralysed by a giant eyeball for 2 turns
 13487 | Depths:5 | Entered Level 5 of the Depths
 13586 | Depths:5 | Got a bloodstained robe
 13716 | Depths:5 | Reached XP level 19. HP: 124/171 MP: 19/35
 13804 | Depths:5 | Noticed a bone dragon
 13824 | Depths:5 | Killed a bone dragon
 13829 | Depths:5 | Reached skill level 10 in Spellcasting
 13845 | Depths:5 | Found a gate to the Realm of Zot.
 14160 | Depths:4 | Learned a level 3 spell: Regeneration
 14207 | Depths:3 | Bought a scroll of teleportation for 99 gold pieces
 14292 | Depths:3 | Reached skill level 10 in Earth Magic
 14757 | Depths:2 | Slain by an iron troll (illusionary)

Action                   |  1- 3 |  4- 6 |  7- 9 | 10-12 | 13-15 | 16-18 | 19-21 || total
-------------------------+-------+-------+-------+-------+-------+-------+-------++-------
Melee: Flail             |    71 |    29 |       |       |       |       |       ||   100
       Giant club        |       |    55 |    37 |       |       |       |       ||    92
       Whip              |       |       |    38 |       |       |       |       ||    38
       Giant spiked club |       |       |   195 |   477 |   507 |    37 |       ||  1216
       Great mace        |       |       |       |       |   256 |   928 |   281 ||  1465
Throw: Large rock        |       |       |       |       |     6 |    41 |    21 ||    68
Invok: Slouch            |       |       |       |     5 |    24 |    12 |     2 ||    43
       Temporal Distorti |       |       |       |     1 |       |    16 |     2 ||    19
Evoke: Wand              |       |       |     4 |     5 |    24 |     2 |       ||    35
  Use: Scroll            |     2 |     2 |     9 |    15 |    12 |    12 |     1 ||    53
       Potion            |     1 |     1 |     3 |     1 |     4 |     8 |       ||    18
 Stab: Invisible         |       |     2 |       |       |       |       |       ||     2
       Sleeping          |       |     1 |     1 |     5 |     1 |       |       ||     8
       Confused          |       |       |       |       |     3 |       |       ||     3
       Distracted        |       |       |       |       |       |     1 |       ||     1
